 Dungeon Crawl Stone Soup version 0.30-a0-847-g17996783a1 (webtiles) character file.

Game seed: 9154145029746301358

14 Maxmaps the Ducker (level 2, 0/23 HPs)
             Began as a Gnoll Wanderer on Mar 4, 2023.
             Slain by Terence
             ... wielding a +0 flail
              (1 damage)
             ... on level 2 of the Dungeon.
             The game lasted 00:00:44 (947 turns).

Maxmaps the Ducker (Gnoll Wanderer)                  Turns: 947, Time: 00:00:45

Health: 0/23       AC:  8    Str: 12    XL:     2   Next: 41%
Magic:  5/5        EV:  8    Int:  8    God:
Gold:   68         SH:  0    Dex: 19    Spells: 6/6 levels left

rFire   . . .      SeeInvis .    a - +0 dagger
rCold   . . .      Faith    .    (no shield)
rNeg    . . .      Spirit   .    l - +0 chain mail
rPois   .          Reflect  .    (no helmet)
rElec   .          Rampage  .    (no cloak)
rCorr   .                        (no gloves)
Will    .....                    (no boots) Stlth
                                 (no amulet)
HPRegen 0.23/turn                h - +6 ring of dexterity
MPRegen 0.09/turn                (no ring)

@: no status effects
A: fangs 1, strong nose, distributed training
a: no special abilities


You were on level 2 of the Dungeon.
You visited 1 branch of the dungeon, and saw 2 of its levels.

You collected 68 gold pieces.

Inventory:

Hand Weapons
 a - a +0 dagger (weapon)
Missiles
 b - 3 throwing nets (quivered)
Armour
 f - a +0 leather armour
 k - a +0 ring mail
 l - a +0 chain mail (worn)
Jewellery
 h - a +6 ring of dexterity (left hand)
Scrolls
 g - 3 scrolls of identify {unknown}
 i - a scroll of teleportation {unknown}
 j - a scroll of amnesia {unknown}
Potions
 c - 2 potions of curing
 e - 2 potions of haste
Miscellaneous
 d - a piece from Xom's chessboard (15/15)


   Skills:
 + Level 2.5 Fighting
 + Level 0.4 Short Blades
 + Level 0.4 Long Blades
 + Level 0.4 Axes
 + Level 0.4 Maces & Flails
 + Level 0.4 Polearms
 + Level 0.4 Staves
 + Level 0.4 Ranged Weapons
 + Level 0.4 Throwing
 + Level 2.5 Armour
 + Level 6.5 Dodging
 + Level 0.4 Stealth
 + Level 0.4 Shields
 + Level 4.5 Unarmed Combat
 + Level 2.7 Spellcasting
 + Level 0.2 Conjurations
 + Level 0.2 Hexes
 + Level 0.2 Summonings
 + Level 0.2 Necromancy
 + Level 0.2 Translocations
 + Level 0.2 Transmutations
 + Level 0.2 Fire Magic
 + Level 0.2 Ice Magic
 + Level 0.2 Air Magic
 + Level 0.2 Earth Magic
 + Level 0.2 Poison Magic
 + Level 0.5 Invocations
 + Level 4.5 Evocations


You had 6 spell levels left.
You didn't know any spells.
Your spell library was empty.

Dungeon Overview and Level Annotations

Branches:
Dungeon (2/15)

Altars:

Annotations:
D:2 Terence


Innate Abilities, Weirdness & Mutations

You have very sharp teeth.
Your uncanny sense of smell can sniff out nearby items.
Your experience applies equally to all skills.


Message History

You continue putting on your +0 chain mail. x5
You finish putting on your +0 chain mail.
(D) Dungeon
Where to? (Enter - D:1 @ (x,y), ? - help)
What level of the Dungeon? (default 1, ? - help)
There is an open door here.
There is an open door here.
There is a stone staircase leading down here.
You climb downwards.
The ball python hisses angrily.
The endoplasm quivers.
Found a potion of curing.
There is a stone staircase leading up here.
There are monsters nearby!
There are monsters nearby!
There are monsters nearby!
Terence the Incautious comes into view.
He is wielding a +0 flail.
Found 6 gold pieces.
The endoplasm freezes you.
You are frozen.
There are monsters nearby!
You hit the endoplasm.
The endoplasm is moderately wounded.
The endoplasm hits you.
You hit the endoplasm.
The endoplasm is heavily wounded.
The endoplasm freezes you.
You are frozen.
You hit the endoplasm.
The endoplasm is almost dead.
The ball python bites you but does no damage.
The ball python grabs you. The ball python constricts you.
The endoplasm freezes you.
You are frozen.
Terence hits you with a +0 flail!
* * * LOW HITPOINT WARNING * * *
You are too injured to fight recklessly!
You are too injured to fight recklessly!
You are too injured to fight recklessly!
You escape the ball python's grasp.
Terence hits you with a +0 flail.
You die...

∆ .. .## ...
..# # ### #.#
.# .... #.# ..
##... #.# .#.#$
#.....#@#......
!.....@S.......
.......J...##..
........####
....#...#
##...#### #...
#... #..


You could see Terence, an endoplasm and a ball python.

Vanquished Creatures
  A dart slug (D:1)
  2 bats (D:1)
  An endoplasm (D:1)
  2 hobgoblins (D:1)
  A quokka (D:1)
  2 frilled lizards (D:1)
  2 goblins (D:1)
  A kobold (D:1)
12 creatures vanquished.

Notes
Turn   | Place    | Note
-------+----------+-------------------------------------------
     0 | D:1      | Maxmaps the Gnoll Wanderer began the quest for the Orb.
     0 | D:1      | Maxmaps set off with the following items: a +0 dagger, 3
                  | throwing nets, a potion of curing, a piece from Xom's
                  | chessboard (15/15), a potion of haste, a +0 leather armour.
     0 | D:1      | Reached XP level 1. HP: 17/17 MP: 4/4
   109 | D:1      | Found a faded altar of an unknown god.
   338 | D:1      | Reached XP level 2. HP: 23/23 MP: 5/5
   943 | D:2      | Noticed Terence
   946 | D:2      | HP: 1/23 [Terence/+0 flail (7)]
   947 | D:2      | Slain by Terence

Illustrated notes

Levels and vault maps discovered:
D:1:      dpeg_arrival_round_a, layout_basic, basic_ecumenical_altar
D:2:      layout_loops_cross, minmay_pentomino_q2, uniq_terence, uniq_robin,
          uniq_jessica

Action                     || total
---------------------------++-------
  Melee: Dagger            ||    64
         Punch             ||     4
         Bite              ||     4
   Stab: Sleeping          ||     1
 Armour: Leather armour    ||    18
         Ring mail         ||     1
         Chain mail        ||     1
  Dodge: Dodged            ||    63

Table legend: (Time is in decaauts)
 A = Elapsed time spent in this place.
 B = Non-inter-level travel time spent in this place.
 C = Inter-level travel time spent in this place.
 D = Time resting spent in this place.
 E = Time spent auto-exploring this place.
 F = Levels seen in this place.
 G = Mean time per level.
                   A        B        C        D        E       F      G
               +--------+--------+--------+--------+--------+-----+--------+
         Total |    946 |    842 |    104 |      0 |    684 |   2 |  473.0 |
       Dungeon |    946 |    842 |    104 |      0 |    684 |   2 |  473.0 |
               +--------+--------+--------+--------+--------+-----+--------+

Top non-repeatable levels by time:
     D:1: 941 daAuts
     D:2: 4 daAuts
